 Dungeon Crawl Stone Soup version 0.31-a0-986-g5e6e4ef867 (webtiles) character file.

Game seed: 14204447472141570671

2772 LeprechaunX the Changeling (level 9, -2/54 HPs)
             Began as an Octopode Shapeshifter on Nov 20, 2023.
             Was a Believer of Hepliaklqana.
             Slain by a raiju (8 damage)
             ... on level 7 of the Dungeon.
             The game lasted 00:11:01 (6588 turns).

LeprechaunX the Changeling (Octopode Shapeshifter)  Turns: 6588, Time: 00:11:02

Health: -2/54      AC:  1    Str: 15    XL:     9   Next: 70%
Magic:  9/9        EV: 14    Int: 13    God:    Hepliaklqana [**....]
Gold:   455        SH:  5    Dex: 13    Spells: 8/8 levels left

rFire   . .          .
                       - Unarmed
rCold   . . .        (no shield)
rNeg    + . .        (helmet currently unavailable)
rPois   +            r - amulet of reflection
rElec   .            m - ring of positive energy
rCorr   .            E - ring of poison resistance
SInv    .            (no ring)
Will    .....        (no ring)
Stlth   ++           (no ring)
HPRegen 0.29/turn    (no ring)
MPRegen 0.11/turn    (no ring)
                     (no ring)

%: reflection
@: beast-form
A: beast (slay +4), reduced essence, almost no armour, amphibious, 8 rings,
camouflage 1, gelatinous body 1, (nimble swimmer 1), tentacles
a: Begin Untransformation, Renounce Religion, Recall Ancestor, Ancestor Identity


You were on level 7 of the Dungeon.
You worshipped Hepliaklqana.
Hepliaklqana was pleased with you.
You were a hulking beast.
You visited 2 branches of the dungeon, and saw 8 of its levels.
You also visited: Sewer.

You collected 455 gold pieces.

Inventory:

Hand Weapons
 a - a +0 sling
Missiles
 i - 8 curare-tipped darts
 v - a throwing net
 D - 3 boomerangs (quivered)
Armour
 B - an orb of wrath
Jewellery
 m - a ring of positive energy (left tentacle)
 r - an amulet of reflection (around mantle)
 C - a ring of ice
 E - a ring of poison resistance (right tentacle)
Talismans
 b - a beast talisman
 c - a flux talisman
Wands
 u - a wand of flame (10)
 y - a wand of iceblast (8)
 A - a wand of digging (2)
Scrolls
 d - 5 scrolls of fear {unknown}
 f - 3 scrolls of noise {unknown}
 k - 5 scrolls of teleportation {unknown}
 o - a scroll of fog {unknown}
 p - 9 scrolls of identify {unknown}
 s - 2 scrolls of vulnerability {unknown}
 t - a scroll of amnesia {unknown}
 z - a scroll of blinking
 F - a scroll of immolation {unknown}
 G - a scroll of revelation {unknown}
 H - a scroll of summoning {unknown}
Potions
 e - 3 potions of attraction {unknown}
 g - a potion of enlightenment {unknown}
 h - a potion of lignification
 j - 3 potions of degeneration {unknown}
 l - a potion of invisibility {unknown}
 n - 2 potions of curing {unknown}
 q - 2 potions of heal wounds {unknown}
 w - a potion of mutation {unknown}
 x - a potion of haste {unknown}
 I - a potion of brilliance {unknown}


   Skills:
 + Level 5.6 Fighting
 - Level 3.0 Throwing
 - Level 5.0 Dodging
 - Level 6.0 Unarmed Combat
 + Level 4.6 Evocations
 * Level 7.6 Shapeshifting


You had 8 spell levels left.
You didn't know any spells.
Your spell library contained the following spells:

 Spells                   Type           Power      Damage    Failure   Level
 Ozocubu's Armour         Ice            0%         N/A       67%         3
 Ozocubu's Refrigeration  Ice            0%         4d7       100%        7


Dungeon Overview and Level Annotations

Branches:
Dungeon (7/15)             Temple (1/1) D:4           Sewer (visited)

Altars:
Ashenzari
Cheibriados
Fedhas
Gozag
Hepliaklqana
Kikubaaqudgha
Makhleb
Okawaru
Qazlal
Ru
Sif Muna
Uskayaw
Vehumet
Xom
Yredelemnul
Zin
The Shining One

Shops:
D:4 =

Portals:
Abyss: D:4

Annotations:
D:4 2 transporters, jimbles's ghost, amateur MiBe


Innate Abilities, Weirdness & Mutations

You are a hulking beast.
Your limbs bulge with bestial killing power. (Slay +4)
Your life essence is reduced to manifest your ancestor. (-10% HP)
You cannot wear most types of armour.
You are amphibious.
You can wear up to eight rings at the same time.
Your skin changes colour to match your surroundings (Stealth+).
Your rubbery body absorbs attacks. (AC +1, EV +1)
((You are camouflaged when in or above water. (Stealth+)))
You have tentacles for arms and can constrict up to eight enemies at once.


Message History

Press: ? - help, Q - select action, (/) - cycle Shift-Dir - straight line, f/p - Jeremiah
Aim: Jeremiah, wielding a +4 trident of draining, wearing a +0 robe, wearing an orb of energy and carrying a wand of paralysis (heavily wounded, extremely poisoned, slow, ally target, 56% to hit)
You throw a boomerang. Zayda avoids your attack.
The boomerang hits Jeremiah!
Jeremiah is almost dead.
Zayda gestures at Jeremiah while chanting.
The puff of frost hits Jeremiah!
Jeremiah dies!
The butterfly disappears in a burst of colours! x3
Training target 6.0 for Unarmed Combat reached!
Your Unarmed Combat skill increases to level 6!
Unknown command.
You swap places.
An electric eel comes into view.
Throw: 3 boomerangs
Press: ? - help, Q - select action, (/) - cycle Shift-Dir - straight line, f - electric eel
Aim: an electric eel (water, 46% to hit)
You throw a boomerang.
The boomerang barely misses the electric eel.
A raiju and an electric eel come into view.
The electric eel shoots out a bolt of lightning at you!
The bolt of electricity hits you!
Items here: ( ) / [[ †.
You barely miss the electric eel.
The raiju barks!
You grab the electric eel. You constrict the electric eel.
The electric eel shoots out a bolt of lightning at you!
The bolt of electricity hits you.
The electric eel shoots out a bolt of lightning at you!
The bolt of electricity misses you.
You release your grip on the electric eel.
The raiju bursts into living lightning!
The living lightning hits you!
* * * LOW HITPOINT WARNING * * *
The raiju blinks! x2
The electric eel shoots out a bolt of lightning at you!
The bolt of electricity misses you. The raiju attacks as it pursues you!
The raiju bites you!
* * * LOW HITPOINT WARNING * * *
The raiju shocks you!
You die...

### ##~~≈ ##≈S≈.. ≈≈~..§.
####≈...... #........~~
#......≈~S~ #.hR.~~~#
################h##S≈###
#[...#..#...##....####
........#.........###
........#.>.........#
........#.....<....#########
..<.....#..........##...#..#
........#.........).........
._......#................#
........#................#


You could see the friendly Zayda the battlemage, a raiju and an electric eel.

Vanquished Creatures
  Maggie (D:7)
  Sigmund (D:2)
  2 water moccasins
  2 black bears
  An ogre (D:4)
  2 bullfrogs
  2 scorpions
  A howler monkey (D:5)
  A jelly (D:4)
  2 orc priests (D:5)
  2 hounds
  A sleepcap (D:6)
  An iguana (D:5)
  2 orc wizards (D:5)
  The ghost of XomNomNom the Sneak, a weakling TrDe (D:5)
  14 gnolls
  12 adders
  A shadow imp (D:7)
  3 worms
  18 orcs
  10 ball pythons
  6 endoplasms
  11 giant cockroaches
  5 goblins
  6 hobgoblins
  2 jackals (D:3)
  6 quokkas
  8 bats
  6 frilled lizards
  6 kobolds
  2 rats
138 creatures vanquished.

Vanquished Creatures (collateral kills)
  Jeremiah (D:7)
  A sky beast (D:7)
  A black bear (D:7)
  A centaur (D:6)
  An ogre (D:6)
  A wight (D:7)
  A howler monkey (D:5)
  2 hounds (D:6)
  A jelly (D:6)
  An orc priest (D:7)
  A gnoll bouda (D:5)
  An orc wizard (D:5)
  3 gnolls
  A shadow imp (D:7)
  A white imp (D:7)
  4 orcs
  2 giant cockroaches (Sewer)
  2 frilled lizards (Sewer)
26 creatures vanquished.

Vanquished Creatures (others)
  An ancestor (D:5)
1 creature vanquished.

Grand Total: 165 creatures vanquished

Notes
Turn   | Place    | Note
-------+----------+-------------------------------------------
     0 | D:1      | LeprechaunX the Octopode Shapeshifter began the quest for
                  | the Orb.
     0 | D:1      | Reached XP level 1. HP: 13/13 MP: 1/1
   135 | D:1      | Reached XP level 2. HP: 18/18 MP: 2/2
   602 | D:1      | Reached XP level 3. HP: 21/23 MP: 3/3
  1279 | D:2      | Noticed Sigmund
  1288 | D:2      | Killed Sigmund
  1289 | D:2      | Reached skill level 1 in Throwing
  1289 | D:2      | Reached skill level 4 in Shapeshifting
  1289 | D:2      | Reached XP level 4. HP: 29/30 MP: 4/4
  1289 | D:2      | Reached XP level 5. HP: 34/35 MP: 5/5
  1510 | D:2      | Reached XP level 6. HP: 35/41 MP: 6/6
  1633 | D:3      | Found a sacrificial altar of Ru.
  1677 | D:3      | Became a worshipper of Ru the Awakened
  2573 | D:4      | Found a transporter.
  2579 | D:4      | Found a transporter.
  2713 | D:4      | Noticed a water moccasin
  2724 | D:4      | Killed a water moccasin
  2818 | D:4      | Found a staircase to the Ecumenical Temple.
  2827 | D:4      | Noticed a black bear
  2838 | D:4      | Killed a black bear
  2839 | D:4      | Reached XP level 7. HP: 46/46 MP: 7/7
  2852 | Temple   | Entered the Ecumenical Temple
  2869 | Temple   | Fell from the grace of Ru
  2869 | Temple   | Became a worshipper of Hepliaklqana the Forgotten
  3031 | D:4      | Reached skill level 1 in Evocations
  3031 | D:4      | Reached skill level 5 in Shapeshifting
  3105 | D:4      | Noticed a small abomination
  3120 | D:4      | Found Ribbageas's Jewellery Emporium.
  3213 | D:4      | Found a one-way gate to the infinite horrors of the Abyss.
  3213 | D:4      | Noticed jimbles's ghost (amateur MiBe)
  3660 | D:5      | Entered Level 5 of the Dungeon
  3735 | D:5      | Noticed a fire elemental
  3737 | D:5      | Found a stormy altar of Qazlal.
  3741 | D:5      | Noticed an air elemental
  3748 | D:5      | Noticed a water elemental
  3805 | D:5      | Found a glowing drain.
  3840 | Sewer    | Entered a sewer
  3892 | Sewer    | Reached * piety under Hepliaklqana
  3915 | Sewer    | Reached XP level 8. HP: 43/46 MP: 8/8
  4525 | D:5      | Reached skill level 6 in Shapeshifting
  4564 | D:5      | Reached skill level 5 in Unarmed Combat
  4689 | D:5      | Found a glowing golden altar of the Shining One.
  4959 | D:5      | Found a runed translucent gate.
  4959 | D:5      | Found a runed translucent gate.
  4959 | D:5      | Found a runed translucent gate.
  4962 | D:5      | Noticed XomNomNom's ghost (weakling TrDe)
  5058 | D:5      | Killed XomNomNom's ghost
  5353 | D:6      | Reached XP level 9. HP: 35/53 MP: 9/9
  5965 | D:7      | Found an opulent altar of Gozag.
  5965 | D:7      | Found a basalt altar of Yredelemnul.
  5990 | D:7      | Reached ** piety under Hepliaklqana
  5991 | D:7      | Remembered your ancestor Zayda as a battlemage
  5999 | D:7      | Reached skill level 5 in Dodging
  6076 | D:7      | Found a broken altar of Ashenzari.
  6085 | D:7      | Reached skill level 7 in Shapeshifting
  6164 | D:7      | Noticed Jeremiah
  6279 | D:7      | Reached skill level 5 in Fighting
  6388 | D:7      | Noticed Maggie
  6397 | D:7      | Killed Maggie
  6578 | D:7      | Killed Jeremiah
  6588 | D:7      | Slain by a raiju

Illustrated notes

Levels and vault maps discovered:
D:1:      mainiacjoe_arrival_oval_in_oval, layout_basic
D:2:      layout_loops_corners, uniq_sigmund
D:3:      layout_basic, nicolae_ru_the_path_less_chosen,
          kennysheep_generic_room_4
D:4:      layout_gridville, minmay_temple_entry_drinking_statues,
          gammafunk_ghost_abyssal_escape, minmay_shop_enchanted_jewellery
D:5:      layout_basic, nicolae_qazlal_style_of_elements,
          mainiacjoe_overflow_surrounded_room, gup_sewer_entry_glass,
          ebering_ghost_rock_garden
D:6:      layout_basic
D:7:      minmay_inner_zag, layout_gridville, overflow_temple_1_default,
          nicolae_overflow_two_pavilions, mrwooster_statue_mirror,
          nicolae_have_a_lightning_rod, uniq_maggie, uniq_jeremiah
Temple:   nicolae_temple_bog_church

Skill      XL: |  1  2  3  4  5  6  7  8  9 |
---------------+----------------------------+-----
Fighting       | 2 3 4 5 |  5.6
Throwing       | 1 2 3 |  3.0
Shapeshifting  | 4 5 6 7 |  7.6
Dodging        | 3 4 5 |  5.0
Unarmed Combat | 4 5 6 |  6.0
Evocations     | 1 3 4 |  4.6

Action                     |  1- 3 |  4- 6 |  7- 9 || total
---------------------------+-------+-------+-------++-------
  Melee: Unarmed           |    63 |    69 |   156 ||   288
         Constrict         |    15 |    19 |    34 ||    68
         Tentacles         |     9 |    16 |    39 ||    64
         Punch             |     2 |     3 |     8 ||    13
   Fire: Sling             |       |     8 |    58 ||    66
  Throw: Dart              |     2 |     1 |     4 ||     7
         Boomerang         |       |       |     8 ||     8
 Invoke: Recall Ancestor   |       |       |     1 ||     1
         Ancestor Life: Ba |       |       |     1 ||     1
   Stab: Sleeping          |    10 |     2 |     9 ||    21
 Armour: Skin              |    24 |    34 |    55 ||   113
  Dodge: Dodged            |    43 |    53 |   103 ||   199
  Block: Other             |       |       |    28 ||    28

Table legend: (Time is in decaauts)
 A = Elapsed time spent in this place.
 B = Non-inter-level travel time spent in this place.
 C = Inter-level travel time spent in this place.
 D = Time resting spent in this place.
 E = Time spent auto-exploring this place.
 F = Levels seen in this place.
 G = Mean time per level.
                   A        B        C        D        E       F      G
               +--------+--------+--------+--------+--------+-----+--------+
         Total |   6581 |   6155 |    426 |    388 |   4562 |   9 |  731.2 |
       Dungeon |   6305 |   5913 |    392 |    388 |   4449 |   7 |  900.7 |
        Temple |     38 |      4 |     34 |      0 |      0 |   1 |   38.0 |
         Sewer |    237 |    237 |      0 |      0 |    113 |   1 |  237.0 |
               +--------+--------+--------+--------+--------+-----+--------+

Top non-repeatable levels by time:
     D:4: 1456 daAuts
     D:5: 1097 daAuts
     D:2: 831 daAuts
     D:6: 824 daAuts
     D:3: 786 daAuts
     D:1: 679 daAuts
     D:7: 629 daAuts
   Sewer: 237 daAuts
  Temple: 38 daAuts
